 Dungeon Crawl Stone Soup version 0.30-a0-946-gec5dcfc036 (webtiles) character file.

Game seed: 11346628775705979842

16788 mopl the Nimble (level 12, -1/97 HPs)
             Began as a Gnoll Monk on Mar 26, 2023.
             Was an Initiate of Gozag.
             Slain by a komodo dragon (26 damage)
             ... on level 11 of the Dungeon.
             The game lasted 00:12:57 (9275 turns).

mopl the Nimble (Gnoll Monk)                        Turns: 9275, Time: 00:12:58

Health: -1/97      AC: 15    Str: 18    XL:     12   Next: 41%
Magic:  23/23      EV: 13    Int: 18    God:    Gozag
Gold:   2294       SH:  5    Dex: 12    Spells: 26/26 levels left

rFire   . . .      SeeInvis .    l - +10 spear of a Labyrinth {heavy, *Corrode Str+3}
rCold   + . .      Faith    .    X - +0 buckler {rC+}
rNeg    . . .      Spirit   .    q - +5 scale mail "Faywel" {+Blink rCorr Int+9 Dex-4}
rPois   .          Reflect  .    a - +0 helmet
rElec   .          Rampage  .    h - +0 cloak
rCorr   +                        (no gloves)
Will    +....                    (no boots)
Stlth   ++                       r - amulet of regeneration
HPRegen 1.16/turn                W - ring of willpower
MPRegen 0.18/turn                Z - ring of flight

@: gold aura, flying
A: fangs 1, strong nose, distributed training
a: Renounce Religion, Evoke Blink, Potion Petition, Call Merchant, Bribe Branch


You were on level 11 of the Dungeon.
You worshipped Gozag.
Gozag was most pleased with you.
You visited 2 branches of the dungeon, and saw 12 of its levels.

You collected 2294 gold pieces.

Inventory:

Hand Weapons
 l - the +10 spear of a Labyrinth (weapon) {heavy, *Corrode Str+3}
   (You found it on level 2 of the Dungeon)

   Str:       It affects your strength (+3).
   *Corrode:  It may corrode you when you take damage.
 R - a +1 hand axe of flaming
 T - a +6 battleaxe of flaming
Missiles
 g - 16 boomerangs
 w - 4 javelins
 x - 4 throwing nets
 H - 12 poisoned darts (quivered)
Armour
 a - a +0 helmet (worn)
 h - a +0 cloak (worn)
 q - the +5 scale mail "Faywel" (worn) {+Blink rCorr Int+9 Dex-4}
   (You found it on level 3 of the Dungeon)

   Int:       It affects your intelligence (+9).
   Dex:       It affects your dexterity (-4).
   +Blink:    It lets you blink.
   rCorr:     It protects you from acid and corrosion.
 I - a +1 hat
 X - a +0 buckler of cold resistance (worn)
Magical Staves
 e - a staff of death
 k - a staff of conjuration
Jewellery
 r - an amulet of regeneration (around neck)
 Q - an amulet of the acrobat
 U - an amulet of magic regeneration
 V - an amulet of guardian spirit
 W - a ring of willpower (left hand)
 Z - a ring of flight (right hand)
Wands
 b - a wand of roots (11)
 J - a wand of quicksilver (18)
 S - a wand of paralysis (9)
Scrolls
 i - 2 scrolls of noise {unknown}
 j - 8 scrolls of identify {unknown}
 m - 7 scrolls of teleportation {unknown}
 o - a scroll of torment {unknown}
 p - 2 scrolls of poison {unknown}
 s - a scroll of vulnerability {unknown}
 u - 3 scrolls of enchant weapon {unknown}
 v - 3 scrolls of fog {unknown}
 y - 5 scrolls of enchant armour {unknown}
 B - 2 scrolls of summoning {unknown}
 D - 2 scrolls of brand weapon {unknown}
 M - 2 scrolls of immolation {unknown}
 O - a scroll of amnesia {unknown}
 P - a scroll of blinking {unknown}
 Y - a scroll of acquirement {unknown}
Potions
 c - 4 potions of ambrosia
 d - a potion of curing
 f - 2 potions of haste {unknown}
 n - 3 potions of cancellation {unknown}
 t - a potion of flight {unknown}
 z - 2 potions of brilliance {unknown}
 A - a potion of berserk rage {unknown}
 C - 2 potions of degeneration {unknown}
 E - 2 potions of mutation {unknown}
 F - a potion of attraction {unknown}
 G - a potion of lignification {unknown}
 K - a potion of magic {unknown}
 L - 2 potions of might {unknown}
 N - a potion of invisibility {unknown}


   Skills:
 + Level 10.0 Fighting
 + Level 7.5 Short Blades
 + Level 7.5 Long Blades
 + Level 7.5 Axes
 + Level 10.0 Maces & Flails
 + Level 7.5 Polearms
 + Level 7.5 Staves
 + Level 7.5 Ranged Weapons
 + Level 7.5 Throwing
 + Level 7.5 Armour
 + Level 10.0 Dodging
 + Level 8.7 Stealth
 + Level 7.5 Shields
 + Level 7.5 Unarmed Combat
 + Level 7.5 Spellcasting
 + Level 6.2 Conjurations
 + Level 6.2 Hexes
 + Level 6.2 Summonings
 + Level 6.2 Necromancy
 + Level 6.2 Translocations
 + Level 6.2 Transmutations
 + Level 6.2 Fire Magic
 + Level 6.2 Ice Magic
 + Level 6.2 Air Magic
 + Level 6.2 Earth Magic
 + Level 6.2 Poison Magic
 + Level 8.2 Invocations
 + Level 7.5 Evocations


You had 26 spell levels left.
You didn't know any spells.
Your spell library contained the following spells:

 Spells                   Type           Power      Damage    Failure   Level
 Apportation              Tloc           58%        N/A       2%          1
 Shock                    Conj/Air       100%       1d9       2%          1
 Sting                    Tmut/Pois      100%       1d8       2%          1
 Poisonous Vapours        Pois/Air       58%        N/A       4%          2
 Stone Arrow              Conj/Erth      58%        3d10      9%          3
 Summon Guardian Golem    Hex/Summ       29%        N/A       9%          3
 Swiftness                Air            29%        N/A       9%          3
 Airstrike                Air            14%        2d(3-19)  26%         4
 Animate Armour           Summ/Erth      58%        N/A       26%         4
 Olgreb's Toxic Radiance  Pois           29%        N/A       26%         4
 Alistair's Intoxication  Tmut/Pois      19%        N/A       58%         5
 Borgnjor's Vile Clutch   Necr/Erth      14%        N/A       58%         5
 Death Channel            Necr           14%        N/A       99%         6
 Orb of Destruction       Conj           14%        9d7       100%        7
 Spellforged Servitor     Conj/Summ      14%        N/A       100%        7
 Lehudib's Crystal Spear  Conj/Erth      14%        10d5      100%        8
 Animate Dead             Necr           Unusable   N/A       N/A         4

Dungeon Overview and Level Annotations

Branches:
Dungeon (11/15)            Temple (1/1) D:6            Lair (0/5) D:9
    Orc (0/2) D:10

Altars:
Ashenzari
Cheibriados
Dithmenos
Elyvilon
Fedhas
Gozag
Hepliaklqana
Kikubaaqudgha
Makhleb
Nemelex Xobeh
Okawaru
Qazlal
Ru
Sif Muna
Trog
Uskayaw
Vehumet
Wu Jian
Xom
Yredelemnul
Zin
The Shining One

Shops:
D:9 [*

Annotations:
D:8 fly
D:9 fly


Innate Abilities, Weirdness & Mutations

You have very sharp teeth.
Your uncanny sense of smell can sniff out nearby items.
Your experience applies equally to all skills.


Message History

The boulder beetle is severely wounded.
The boulder beetle bites you!! You block the boulder beetle's attack.
You puncture the boulder beetle!
You bite the boulder beetle, but do no damage.
The boulder beetle is almost dead.
The boulder beetle misses you.
You hit the boulder beetle but do no damage.
You bite the boulder beetle, but do no damage.
The boulder beetle is almost dead.
The boulder beetle misses you.
You puncture the boulder beetle!
You kill the boulder beetle!
You hit the gargoyle but do no damage.
The gargoyle hurls a stone arrow at you.
The stone arrow hits you!
The gargoyle hits you with a +0 morningstar.
You hit the gargoyle but do no damage.
The gargoyle hurls a stone arrow at you.
The stone arrow hits you!
* * * LOW HITPOINT WARNING * * *
Aiming: Paralyse
Press: ? - help, Shift-Dir - straight line, f - gargoyle
Aim: a gargoyle, wielding a +0 morningstar (chance to affect: 50%)
The gargoyle suddenly stops moving!
The helpless gargoyle fails to defend itself.
You puncture the gargoyle!
The gargoyle is moderately damaged.
The helpless gargoyle fails to defend itself.
You impale the gargoyle!!
You bite the gargoyle, but do no damage.
The gargoyle is almost destroyed.
The helpless gargoyle fails to defend itself.
You puncture the gargoyle!
You destroy the gargoyle!
You impale the komodo dragon!!
You bite the komodo dragon, but do no damage.
The komodo dragon is heavily wounded.
The komodo dragon bites you!!
You die...
Your body crumbles into a pile of gold.

##.##....##....##
...
#.......##.....#
... #
##...#.##......# ..
..
#.#...##.#.......
..(
###..##..#...###..
#.. #...##..#.....
. #..
##.##...........
#.(##.##......#....
#l@##......##..###
#####[......#....#
#....##......###
##.>............#
#...........##..# $
$ $
##...###.........#
#..>.#..........##
∆
##................#
#.................#


You could see a komodo dragon.

Vanquished Creatures
  Harold (D:9)
  2 boulder beetles (D:11)
  4 two-headed ogres (D:11)
  Lodul (D:9)
  Pikel (D:7)
  3 ugly things
  2 gargoyles (D:11)
  2 unseen horrors (D:11)
  2 kobold demonologists (D:11)
  3 trolls
  2 hornets
  Prince Ribbit (D:5)
  A slime creature (D:11)
  A shadow (D:10)
  A wyvern (D:9)
  10 yaks
  A wraith (D:11)
  3 steam dragons
  2 wargs (D:9)
  4 vampire mosquitoes
  An acid dragon (D:9)
  A water moccasin (D:8)
  6 orc warriors
  2 black bears
  11 ogres
  3 centaurs
  2 lemures (D:7)
  3 kobold brigands
  4 bullfrogs
  5 gnoll sergeants
  5 scorpions
  3 killer bees (D:9)
  The ghost of hackum the Shooter, a weakling MfHu (D:5)
  4 howler monkeys
  2 hounds (D:5)
  6 orc priests
  A jelly (D:5)
  A gnoll bouda (D:9)
  A sleepcap (D:8)
  3 iguanas
  13 orc wizards
  8 adders
  8 gnolls
  A white imp (D:6)
  An ufetubus (D:7)
  2 worms
  2 dart slugs (D:3)
  62 orcs
  4 bats
  5 endoplasms
  2 giant cockroaches
  9 goblins
  7 hobgoblins
  5 jackals
  19 kobolds
  8 quokkas
  7 ball pythons
  3 frilled lizards
  3 rats
281 creatures vanquished.

Vanquished Creatures (others)
  A fungus (D:3)
  6 plants (D:3)
7 creatures vanquished.

Grand Total: 288 creatures vanquished

Notes
Turn   | Place    | Note
-------+----------+-------------------------------------------
     0 | D:1      | mopl the Gnoll Monk began the quest for the Orb.
     0 | D:1      | Reached XP level 1. HP: 23/23 MP: 1/1
    79 | D:1      | Reached XP level 2. HP: 20/29 MP: 2/2
   439 | D:1      | Reached XP level 3. HP: 29/35 MP: 3/3
  1150 | D:2      | Identified the +10 spear of a Labyrinth {heavy, *Corrode
                  | Str+3}
  1190 | D:2      | Reached skill level 1 in Invocations
  1306 | D:2      | Reached skill level 1 in Short Blades
  1306 | D:2      | Reached skill level 1 in Long Blades
  1306 | D:2      | Reached skill level 1 in Axes
  1306 | D:2      | Reached skill level 1 in Polearms
  1306 | D:2      | Reached skill level 1 in Staves
  1306 | D:2      | Reached skill level 1 in Ranged Weapons
  1306 | D:2      | Reached skill level 1 in Throwing
  1306 | D:2      | Reached skill level 1 in Armour
  1306 | D:2      | Reached skill level 1 in Shields
  1306 | D:2      | Reached skill level 1 in Unarmed Combat
  1306 | D:2      | Reached skill level 1 in Spellcasting
  1306 | D:2      | Reached skill level 1 in Evocations
  1457 | D:2      | Reached XP level 4. HP: 41/41 MP: 5/5
  1821 | D:3      | Reached skill level 1 in Conjurations
  1821 | D:3      | Reached skill level 1 in Hexes
  1821 | D:3      | Reached skill level 1 in Summonings
  1821 | D:3      | Reached skill level 1 in Necromancy
  1821 | D:3      | Reached skill level 1 in Translocations
  1821 | D:3      | Reached skill level 1 in Transmutations
  1821 | D:3      | Reached skill level 1 in Fire Magic
  1821 | D:3      | Reached skill level 1 in Ice Magic
  1821 | D:3      | Reached skill level 1 in Air Magic
  1821 | D:3      | Reached skill level 1 in Earth Magic
  1821 | D:3      | Reached skill level 1 in Poison Magic
  1825 | D:3      | Identified the +5 scale mail "Faywel" {+Blink rCorr Int+9
                  | Dex-4}
  1881 | D:3      | Reached XP level 5. HP: 26/47 MP: 5/7
  1905 | D:3      | Found a faded altar of an unknown god.
  2352 | D:4      | Noticed an ogre
  2380 | D:4      | Killed an ogre
  2381 | D:4      | Reached skill level 2 in Invocations
  2381 | D:4      | Reached XP level 6. HP: 53/53 MP: 8/8
  2908 | D:4      | Reached skill level 2 in Short Blades
  2908 | D:4      | Reached skill level 2 in Long Blades
  2908 | D:4      | Reached skill level 2 in Axes
  2908 | D:4      | Reached skill level 2 in Polearms
  2908 | D:4      | Reached skill level 2 in Staves
  2908 | D:4      | Reached skill level 2 in Ranged Weapons
  2908 | D:4      | Reached skill level 2 in Throwing
  2908 | D:4      | Reached skill level 2 in Armour
  2908 | D:4      | Reached skill level 2 in Shields
  2908 | D:4      | Reached skill level 2 in Unarmed Combat
  2908 | D:4      | Reached skill level 2 in Spellcasting
  2908 | D:4      | Reached skill level 2 in Evocations
  2965 | D:5      | Entered Level 5 of the Dungeon
  2965 | D:5      | Noticed Prince Ribbit
  2974 | D:5      | Killed Prince Ribbit
  2975 | D:5      | Reached skill level 7 in Fighting
  2975 | D:5      | Reached skill level 7 in Maces & Flails
  2975 | D:5      | Reached skill level 7 in Dodging
  2975 | D:5      | Reached skill level 2 in Conjurations
  2975 | D:5      | Reached skill level 2 in Hexes
  2975 | D:5      | Reached skill level 2 in Summonings
  2975 | D:5      | Reached skill level 2 in Necromancy
  2975 | D:5      | Reached skill level 2 in Translocations
  2975 | D:5      | Reached skill level 2 in Transmutations
  2975 | D:5      | Reached skill level 2 in Fire Magic
  2975 | D:5      | Reached skill level 2 in Ice Magic
  2975 | D:5      | Reached skill level 2 in Air Magic
  2975 | D:5      | Reached skill level 2 in Earth Magic
  2975 | D:5      | Reached skill level 2 in Poison Magic
  2975 | D:5      | Reached XP level 7. HP: 54/60 MP: 10/10
  3004 | D:5      | Found a runed translucent door.
  3006 | D:5      | Noticed hackum's ghost (weakling MfHu)
  3024 | D:5      | Reached skill level 5 in Stealth
  3038 | D:5      | Killed hackum's ghost
  3039 | D:5      | Reached skill level 3 in Invocations
  3142 | D:5      | Reached skill level 3 in Short Blades
  3142 | D:5      | Reached skill level 3 in Long Blades
  3142 | D:5      | Reached skill level 3 in Axes
  3142 | D:5      | Reached skill level 3 in Polearms
  3142 | D:5      | Reached skill level 3 in Staves
  3142 | D:5      | Reached skill level 3 in Ranged Weapons
  3142 | D:5      | Reached skill level 3 in Throwing
  3142 | D:5      | Reached skill level 3 in Armour
  3142 | D:5      | Reached skill level 3 in Shields
  3142 | D:5      | Reached skill level 3 in Unarmed Combat
  3142 | D:5      | Reached skill level 3 in Spellcasting
  3142 | D:5      | Reached skill level 3 in Evocations
  3142 | D:5      | Reached XP level 8. HP: 66/67 MP: 12/12
  3182 | D:5      | Found a glowing golden altar of the Shining One.
  3897 | D:6      | Found a staircase to the Ecumenical Temple.
  4127 | Temple   | Entered the Ecumenical Temple
  4423 | Temple   | Became a worshipper of Gozag Ym Sagoz the Greedy
  4603 | D:7      | Noticed Pikel
  4619 | D:7      | Killed Pikel
  4620 | D:7      | Reached skill level 4 in Short Blades
  4620 | D:7      | Reached skill level 4 in Long Blades
  4620 | D:7      | Reached skill level 4 in Axes
  4620 | D:7      | Reached skill level 4 in Polearms
  4620 | D:7      | Reached skill level 4 in Staves
  4620 | D:7      | Reached skill level 4 in Ranged Weapons
  4620 | D:7      | Reached skill level 4 in Throwing
  4620 | D:7      | Reached skill level 4 in Armour
  4620 | D:7      | Reached skill level 4 in Shields
  4620 | D:7      | Reached skill level 4 in Unarmed Combat
  4620 | D:7      | Reached skill level 4 in Spellcasting
  4620 | D:7      | Reached skill level 3 in Conjurations
  4620 | D:7      | Reached skill level 3 in Hexes
  4620 | D:7      | Reached skill level 3 in Summonings
  4620 | D:7      | Reached skill level 3 in Necromancy
  4620 | D:7      | Reached skill level 3 in Translocations
  4620 | D:7      | Reached skill level 3 in Transmutations
  4620 | D:7      | Reached skill level 3 in Fire Magic
  4620 | D:7      | Reached skill level 3 in Ice Magic
  4620 | D:7      | Reached skill level 3 in Air Magic
  4620 | D:7      | Reached skill level 3 in Earth Magic
  4620 | D:7      | Reached skill level 3 in Poison Magic
  4620 | D:7      | Reached skill level 4 in Invocations
  4620 | D:7      | Reached skill level 4 in Evocations
  4620 | D:7      | Reached XP level 9. HP: 58/74 MP: 13/15
  4809 | D:7      | Found a sparkling altar of Nemelex Xobeh.
  4819 | D:7      | Found a white marble altar of Elyvilon.
  4823 | D:7      | Found a blossoming altar of Fedhas.
  4907 | D:8      | Reached skill level 6 in Stealth
  5022 | D:8      | Reached skill level 8 in Fighting
  5022 | D:8      | Reached skill level 8 in Maces & Flails
  5022 | D:8      | Reached skill level 8 in Dodging
  5035 | D:8      | Noticed a hornet
  5039 | D:8      | Paralysed by a hornet for 1 turns
  5043 | D:8      | Killed a hornet
  5118 | D:8      | Reached skill level 5 in Invocations
  5659 | D:8      | Noticed a lindwurm
  5661 | D:8      | Noticed a lindwurm
  5661 | D:8      | Noticed a lindwurm
  5690 | D:9      | Noticed Harold
  5700 | D:9      | Killed Harold
  5701 | D:9      | Reached skill level 5 in Short Blades
  5701 | D:9      | Reached skill level 5 in Long Blades
  5701 | D:9      | Reached skill level 5 in Axes
  5701 | D:9      | Reached skill level 5 in Polearms
  5701 | D:9      | Reached skill level 5 in Staves
  5701 | D:9      | Reached skill level 5 in Ranged Weapons
  5701 | D:9      | Reached skill level 5 in Throwing
  5701 | D:9      | Reached skill level 5 in Armour
  5701 | D:9      | Reached skill level 5 in Shields
  5701 | D:9      | Reached skill level 5 in Unarmed Combat
  5701 | D:9      | Reached skill level 5 in Spellcasting
  5701 | D:9      | Reached skill level 4 in Conjurations
  5701 | D:9      | Reached skill level 4 in Hexes
  5701 | D:9      | Reached skill level 4 in Summonings
  5701 | D:9      | Reached skill level 4 in Necromancy
  5701 | D:9      | Reached skill level 4 in Translocations
  5701 | D:9      | Reached skill level 4 in Transmutations
  5701 | D:9      | Reached skill level 4 in Fire Magic
  5701 | D:9      | Reached skill level 4 in Ice Magic
  5701 | D:9      | Reached skill level 4 in Air Magic
  5701 | D:9      | Reached skill level 4 in Earth Magic
  5701 | D:9      | Reached skill level 4 in Poison Magic
  5701 | D:9      | Reached skill level 5 in Evocations
  5701 | D:9      | Reached XP level 10. HP: 80/82 MP: 17/17
  5883 | D:9      | Found a staircase to the Lair.
  5924 | D:9      | Reached skill level 6 in Invocations
  5948 | D:9      | Found a glowing silver altar of Zin.
  6177 | D:9      | Reached skill level 7 in Stealth
  6226 | D:9      | Found Juduokuo's Island Escapes.
  6424 | D:9      | Found Gytac's Armour Boutique.
  6990 | D:10     | Entered Level 10 of the Dungeon
  7056 | D:9      | Reached skill level 9 in Fighting
  7056 | D:9      | Reached skill level 6 in Short Blades
  7056 | D:9      | Reached skill level 6 in Long Blades
  7056 | D:9      | Reached skill level 6 in Axes
  7056 | D:9      | Reached skill level 9 in Maces & Flails
  7056 | D:9      | Reached skill level 6 in Polearms
  7056 | D:9      | Reached skill level 6 in Staves
  7056 | D:9      | Reached skill level 6 in Ranged Weapons
  7056 | D:9      | Reached skill level 6 in Throwing
  7056 | D:9      | Reached skill level 6 in Armour
  7056 | D:9      | Reached skill level 9 in Dodging
  7056 | D:9      | Reached skill level 6 in Shields
  7056 | D:9      | Reached skill level 6 in Unarmed Combat
  7056 | D:9      | Reached skill level 6 in Spellcasting
  7056 | D:9      | Reached skill level 6 in Evocations
  7096 | D:10     | Reached skill level 5 in Conjurations
  7096 | D:10     | Reached skill level 5 in Hexes
  7096 | D:10     | Reached skill level 5 in Summonings
  7096 | D:10     | Reached skill level 5 in Necromancy
  7096 | D:10     | Reached skill level 5 in Translocations
  7096 | D:10     | Reached skill level 5 in Transmutations
  7096 | D:10     | Reached skill level 5 in Fire Magic
  7096 | D:10     | Reached skill level 5 in Ice Magic
  7096 | D:10     | Reached skill level 5 in Air Magic
  7096 | D:10     | Reached skill level 5 in Earth Magic
  7096 | D:10     | Reached skill level 5 in Poison Magic
  7101 | D:10     | Reached XP level 11. HP: 51/89 MP: 20/20
  7560 | D:10     | Noticed Lodul
  7773 | D:9      | Killed Lodul
  7774 | D:9      | Reached skill level 7 in Invocations
  7883 | D:10     | Noticed a red ugly thing
  7904 | D:10     | Killed a red ugly thing
  8001 | D:10     | Found a staircase to the Orcish Mines.
  8732 | D:11     | Noticed a two-headed ogre
  8735 | D:11     | Noticed a sun demon
  8755 | D:11     | Reached skill level 8 in Stealth
  8760 | D:11     | Killed a two-headed ogre
  8836 | D:11     | Noticed a two-headed ogre
  8847 | D:11     | Noticed a two-headed ogre
  8851 | D:11     | Killed a two-headed ogre
  8864 | D:11     | Reached skill level 7 in Short Blades
  8864 | D:11     | Reached skill level 7 in Long Blades
  8864 | D:11     | Reached skill level 7 in Axes
  8864 | D:11     | Reached skill level 7 in Polearms
  8864 | D:11     | Reached skill level 7 in Staves
  8864 | D:11     | Reached skill level 7 in Ranged Weapons
  8864 | D:11     | Reached skill level 7 in Throwing
  8864 | D:11     | Reached skill level 7 in Armour
  8864 | D:11     | Reached skill level 7 in Shields
  8864 | D:11     | Reached skill level 7 in Unarmed Combat
  8864 | D:11     | Reached skill level 7 in Spellcasting
  8864 | D:11     | Reached skill level 7 in Evocations
  8869 | D:11     | Killed a two-headed ogre
  8892 | D:11     | Noticed a two-headed ogre
  8900 | D:11     | Killed a two-headed ogre
  8901 | D:11     | Reached XP level 12. HP: 77/97 MP: 22/22
  8911 | D:11     | Reached skill level 6 in Conjurations
  8911 | D:11     | Reached skill level 6 in Hexes
  8911 | D:11     | Reached skill level 6 in Summonings
  8911 | D:11     | Reached skill level 6 in Necromancy
  8911 | D:11     | Reached skill level 6 in Translocations
  8911 | D:11     | Reached skill level 6 in Transmutations
  8911 | D:11     | Reached skill level 6 in Fire Magic
  8911 | D:11     | Reached skill level 6 in Ice Magic
  8911 | D:11     | Reached skill level 6 in Air Magic
  8911 | D:11     | Reached skill level 6 in Earth Magic
  8911 | D:11     | Reached skill level 6 in Poison Magic
  9004 | D:11     | Reached skill level 8 in Invocations
  9166 | D:11     | Noticed a boulder beetle
  9195 | D:11     | Killed a boulder beetle
  9196 | D:11     | Reached skill level 10 in Fighting
  9196 | D:11     | Reached skill level 10 in Maces & Flails
  9196 | D:11     | Reached skill level 10 in Dodging
  9254 | D:11     | Noticed a boulder beetle
  9268 | D:11     | Killed a boulder beetle
  9275 | D:11     | Slain by a komodo dragon

Illustrated notes

Levels and vault maps discovered:
D:1:      dpeg_arrival_rooms_c, layout_loops_ring, nrook_loot_triangle
D:2:      layout_loops_corners, kennysheep_another_room
D:3:      layout_rooms, shapermc_ecumenical_altar_mp_ritualfount,
          chequers_serial_rivers_large_b
D:4:      layout_loops_ring
D:5:      layout_cave_pools, lemuel_round_altar, ebering_ghost_reflecting_pool,
          chequers_arboretum, uniq_prince_ribbit1
D:6:      layout_rooms, minmay_temple_entry_sparse_star, serial_rivers,
          chequers_serial_rivers_micro_e, chequers_serial_rivers_small_b,
          chequers_serial_rivers_room_a, chequers_serial_rivers_small_a,
          chequers_serial_rivers_micro_c, chequers_serial_rivers_small_a
D:7:      layout_basic, minmay_overflow_temple_star_quad, uniq_pikel
D:8:      layout_basic, minmay_lindwurm_lava
D:9:      layout_basic, lemuel_coloured_pillars_altar,
          erik_lair_orcish_takeover, serial_shops, shop, st_stairs_3,
          nicolae_island_escapes, uniq_harold
D:10:     layout_layer_cave, david_orc_2, special_room [special_room_orc],
          kennysheep_cluttered_room, uniq_lodul
D:11:     minmay_the_grid_triangle_9x9_recursive_3
          [minmay_the_grid_triangle_9x9_sprig,
          minmay_the_grid_triangle_9x9_swiss_cheese,
          minmay_the_grid_triangle_9x9_zippers_horizontal,
          minmay_the_grid_triangle_9x9_prize_top_heavy,
          minmay_the_grid_triangle_9x9_dagger,
          minmay_the_grid_triangle_9x9_stretched_checkered,
          minmay_the_grid_triangle_9x9_warning,
          minmay_the_grid_triangle_9x9_checkered,
          minmay_the_grid_triangle_9x9_semitri], layout_cave_pools,
          minivault_27, wad_floor_pattern_untrapped
Temple:   minmay_temple_bridge_d

Skill      XL: |  1  2  3  4  5  6  7  8  9 10 11 12 |
---------------+-------------------------------------+-----
Invocations    | 1 2 3 4 5 6 7 8 |  8.2
Short Blades   | 1 2 3 4 5 6 7 |  7.5
Long Blades    | 1 2 3 4 5 6 7 |  7.5
Axes           | 1 2 3 4 5 6 7 |  7.5
Polearms       | 1 2 3 4 5 6 7 |  7.5
Staves         | 1 2 3 4 5 6 7 |  7.5
Ranged Weapons | 1 2 3 4 5 6 7 |  7.5
Throwing       | 1 2 3 4 5 6 7 |  7.5
Armour         | 1 2 3 4 5 6 7 |  7.5
Shields        | 1 2 3 4 5 6 7 |  7.5
Unarmed Combat | 1 2 3 4 5 6 7 |  7.5
Spellcasting   | 1 2 3 4 5 6 7 |  7.5
Evocations     | 1 2 3 4 5 6 7 |  7.5
Conjurations   | 1 2 3 4 5 6 |  6.2
Hexes          | 1 2 3 4 5 6 |  6.2
Summonings     | 1 2 3 4 5 6 |  6.2
Necromancy     | 1 2 3 4 5 6 |  6.2
Translocations | 1 2 3 4 5 6 |  6.2
Transmutations | 1 2 3 4 5 6 |  6.2
Fire Magic     | 1 2 3 4 5 6 |  6.2
Ice Magic      | 1 2 3 4 5 6 |  6.2
Air Magic      | 1 2 3 4 5 6 |  6.2
Earth Magic    | 1 2 3 4 5 6 |  6.2
Poison Magic   | 1 2 3 4 5 6 |  6.2
Fighting       | 7 8 9 10 | 10.0
Maces & Flails | 7 8 9 10 | 10.0
Dodging        | 7 8 9 10 | 10.0
Stealth        | 5 6 7 8 |  8.7

Action                     |  1- 3 |  4- 6 |  7- 9 | 10-12 || total
---------------------------+-------+-------+-------+-------++-------
  Melee: Mace              |    66 |       |       |       ||    66
         Bite              |     8 |     5 |    18 |    49 ||    80
         Spear             |    10 |    77 |   208 |   510 ||   805
         Punch             |       |     2 |     8 |    11 ||    21
  Throw: Boomerang         |       |       |       |     8 ||     8
         Dart              |       |       |       |     4 ||     4
  Evoke: Wand              |       |       |     1 |    10 ||    11
    Use: Potion            |       |       |     1 |     1 ||     2
   Stab: Sleeping          |    14 |     6 |     3 |     2 ||    25
         Paralysed         |       |       |     4 |    20 ||    24
         Distracted        |       |       |       |     2 ||     2
 Armour: Robe              |     9 |     1 |       |       ||    10
         Scale mail        |       |    29 |   149 |   253 ||   431
  Dodge: Dodged            |    55 |    39 |   175 |   357 ||   626
  Block: Buckler           |       |       |       |    49 ||    49

Table legend: (Time is in decaauts)
 A = Elapsed time spent in this place.
 B = Non-inter-level travel time spent in this place.
 C = Inter-level travel time spent in this place.
 D = Time resting spent in this place.
 E = Time spent auto-exploring this place.
 F = Levels seen in this place.
 G = Mean time per level.
                   A        B        C        D        E       F      G
               +--------+--------+--------+--------+--------+-----+--------+
         Total |   9554 |   9101 |    453 |    736 |   5989 |  12 |  796.2 |
       Dungeon |   9185 |   8879 |    306 |    736 |   5778 |  11 |  835.0 |
        Temple |    368 |    222 |    146 |      0 |    211 |   1 |  368.0 |
               +--------+--------+--------+--------+--------+-----+--------+

Top non-repeatable levels by time:
     D:9: 1589 daAuts
    D:10: 1289 daAuts
     D:2: 908 daAuts
     D:1: 880 daAuts
     D:5: 737 daAuts
    D:11: 723 daAuts
     D:4: 708 daAuts
     D:7: 701 daAuts
     D:8: 603 daAuts
     D:3: 546 daAuts
     D:6: 497 daAuts
  Temple: 368 daAuts
